 Dungeon Crawl Stone Soup version 0.20.0-4-g10b340a (webtiles) character file.

1234 Gorglomux the Covert (level 8, -2/44 HPs)
             Began as a Kobold Summoner on May 27, 2017.
             Was a Priest of Okawaru.
             Slain by Prince Ribbit (18 damage)
             ... on level 7 of the Dungeon.
             The game lasted 00:17:19 (8967 turns).

Gorglomux the Covert (Kobold Summoner)              Turns: 8967, Time: 00:17:20

Health: -2/44      AC:  4    Str:  6    XL:     8   Next: 77%
Magic:  8/14       EV: 15    Int: 16    God:    Okawaru [***...]
Gold:   298        SH:  5    Dex: 17    Spells: 7/15 levels left

rFire    . . .     SeeInvis .   W - +1 falchion (elec)
rCold    . . .     Gourm    .   (shield restricted)
rNeg     . . .     Faith    .   a - +0 robe
rPois    .         Spirit   .   (no helmet)
rElec    .         Reflect  +   (no cloak)
rCorr    .         Harm     .   K - +0 pair of gloves
MR       .....                  Z - +0 pair of boots
Stlth    ++++......             S - +5 amulet of reflection
Regen    0.2/turn               (no ring)
MPRegen  0.2/turn               (no ring)

@: no status effects
A: carnivore 3
a: Heroism, Renounce Religion


You were on level 7 of the Dungeon.
You worshipped Okawaru.
Okawaru was most pleased with you.
You were completely stuffed.

You visited 2 branches of the dungeon, and saw 8 of its levels.
You also visited: Sewer.

You collected 298 gold pieces.

Inventory:

Hand Weapons
 A - a +0 whip
 J - a +0 dagger
 W - a +1 falchion of electrocution (weapon)
Armour
 a - a +0 robe (worn)
 K - a +0 pair of gloves (worn)
 Z - a +0 pair of boots (worn)
Jewellery
 S - a +5 amulet of reflection (around neck)
Scrolls
 B - a scroll of amnesia
 F - a scroll of blinking {unknown}
 I - a scroll of vulnerability {unknown}
 L - a scroll of fear
 M - a scroll of magic mapping {unknown}
 O - 4 scrolls of remove curse
 P - a scroll of noise {unknown}
 R - a scroll of immolation {unknown}
 T - a scroll of teleportation
 V - a scroll of enchant armour {unknown}
Potions
 E - a potion of cancellation
 G - 4 potions of haste
 H - 2 potions of brilliance
 Q - 5 potions of curing
 U - 4 potions of flight
 X - a potion of magic
 Y - 2 potions of heal wounds
Books
 b - a book of Callings

   Spells                             Type                      Level
   a - Summon Small Mammal            Summoning                    1
   b - Call Imp                       Summoning                    2
   c - Call Canine Familiar           Summoning                    3
   d - Summon Guardian Golem          Hexes/Summoning              3
   e - Summon Lightning Spire         Summoning/Air                4
   f - Summon Ice Beast               Ice/Summoning                4
Comestibles
 z - 4 meat rations
 C - 2 royal jellies
 N - 17 chunks of flesh


   Skills:
 - Level 1.8 Fighting
 - Level 2.4 Dodging
 + Level 8.2 Stealth
 - Level 4.0 Spellcasting
 + Level 6.7 Summonings
 + Level 4.5 Air Magic


You had 7 spell levels left.
You knew the following spells:

 Your Spells              Type           Power        Failure   Level  Hunger
a - Summon Small Mammal   Summ           ###.         1%          1    None
b - Call Canine Familiar  Summ           ###.....     3%          3    ###....
l - Summon Lightning Spi  Summ/Air       ###.....     16%         4    ####...


Dungeon Overview and Level Annotations

Branches:
Dungeon (7/15)             Temple (1/1) D:4

Altars:
Okawaru
Qazlal
Trog
Uskayaw
Zin
The Shining One

Annotations:
D:7 Prince Ribbit


Innate Abilities, Weirdness & Mutations

You are small and have problems with some larger weapons.
You are carnivorous and can eat meat at any time.


Message History

Prince Ribbit is lightly wounded.
Your hound closely misses Prince Ribbit.
Prince Ribbit barely misses you.
The quasit bites your lightning spire but does no damage.
The quasit claws your lightning spire but does no damage.
The quasit barely misses your lightning spire.
Your hound bites Prince Ribbit.
Prince Ribbit misses you.
The quasit barely misses your lightning spire.
The quasit claws your lightning spire but does no damage. x2
Your hound bites Prince Ribbit.
Prince Ribbit hits you!
Your lightning spire shoots out a bolt of lightning at the quasit!
The bolt of electricity hits the quasit.
The quasit dies!
Okawaru accepts your kill.
Okawaru will gift you ammunition as your piety grows.
Your hound bites Prince Ribbit.
You closely miss Prince Ribbit.
Prince Ribbit is moderately wounded.
Prince Ribbit hits you!!
You die...

....# ##.
.....###/.
.........#
.......# .....#
#...## #####
.....
#.8.###.....
.....
##Fh........
.....
#.@........
..)..#
#...###... #....
###(.## #...
######(().#
##..##..(<)#####
#...))..####
#..###..## #.
#.## #.#


You could see Prince Ribbit, a friendly lightning spire and a friendly hound.

Vanquished Creatures
  A bullfrog (D:6)
  A howler monkey (D:4)
  A quasit (D:5)
  A bullfrog zombie (D:5)
  A centaur zombie (D:6)
  3 hounds (D:5)
  A jelly (D:5)
  5 orc priests
  7 orc wizards
  A bullfrog skeleton (D:6)
  A worker ant (D:4)
  A gnoll (D:5)
  4 adders
  3 oozes (D:5)
  An adder skeleton (D:5)
  2 worms (D:5)
  A dart slug (D:2)
  6 leopard geckos
  12 orcs
  6 giant cockroaches
  7 goblins
  3 hobgoblins
  8 jackals
  A ball python (D:2)
  4 bats
  A frilled lizard (D:1)
  3 kobolds
  2 quokka skeletons (D:5)
  21 rats
109 creatures vanquished.

Vanquished Creatures (collateral kills)
  A big kobold (Sewer)
  2 scorpions
  A quasit (D:7)
  A jelly (D:5)
  An orc priest (D:7)
  6 orc wizards
  A worker ant (D:5)
  Natasha (thrice) (D:2)
  An iguana (D:6)
  3 adders
  11 gnolls
  2 river rats (Sewer)
  2 leopard geckos (D:5)
  17 orcs
  3 bats
  3 giant cockroaches
  A goblin (D:3)
  2 hobgoblins
  5 jackals
  2 kobolds
  A quokka (D:3)
  3 frilled lizards
  6 rats (D:3)
78 creatures vanquished.

Vanquished Creatures (others)
  An orc wizard (D:5)
  An orc (D:5)
2 creatures vanquished.

Grand Total: 189 creatures vanquished

Notes
Turn   | Place    | Note
-------+----------+-------------------------------------------
     0 | D:1      | Gorglomux the Kobold Summoner began the quest for the Orb.
     0 | D:1      | Reached XP level 1. HP: 10/10 MP: 3/3
   551 | D:1      | Reached skill level 3 in Stealth
   739 | D:1      | Reached XP level 2. HP: 9/16 MP: 0/5
  1079 | D:1      | Reached skill level 1 in Fighting
  1270 | D:1      | Reached XP level 3. HP: 14/20 MP: 6/6
  1359 | D:1      | Learned a level 3 spell: Call Canine Familiar
  1955 | D:2      | Reached XP level 4. HP: 18/26 MP: 4/8
  2013 | D:2      | Learned a level 4 spell: Summon Lightning Spire
  2041 | D:2      | Noticed Natasha
  2053 | D:2      | Killed Natasha
  2269 | D:2      | Found a stormy altar of Qazlal.
  2269 | D:2      | Found an iron altar of Okawaru.
  2269 | D:2      | Found a glowing silver altar of Zin.
  2272 | D:2      | Found a glowing golden altar of the Shining One.
  2280 | D:2      | Became a worshipper of Warmaster Okawaru
  2609 | D:2      | Noticed Natasha
  2636 | D:2      | Killed Natasha
  2637 | D:2      | Noticed Natasha
  2685 | D:2      | Killed Natasha
  2685 | D:2      | Reached skill level 4 in Stealth
  2685 | D:2      | Reached skill level 3 in Spellcasting
  2685 | D:2      | Reached skill level 1 in Air Magic
  2685 | D:2      | Reached XP level 5. HP: 7/30 MP: 3/9
  4300 | D:4      | Reached * piety under Okawaru
  4300 | D:4      | Reached XP level 6. HP: 35/35 MP: 4/11
  4633 | D:4      | Reached skill level 5 in Stealth
  4843 | D:4      | Found a staircase to the Ecumenical Temple.
  4940 | Temple   | Entered the Ecumenical Temple
  5160 | D:4      | Reached XP level 7. HP: 32/39 MP: 10/13
  5185 | D:5      | Entered Level 5 of the Dungeon
  5205 | D:5      | Found a glowing drain.
  5369 | Sewer    | Entered a sewer
  5487 | Sewer    | Reached ** piety under Okawaru
  5760 | Sewer    | Found a glowing silver altar of Zin.
  5853 | D:5      | Reached skill level 6 in Stealth
  6731 | D:5      | Reached skill level 3 in Air Magic
  7537 | D:5      | Reached XP level 8. HP: 26/44 MP: 4/14
  7669 | D:5      | Reached skill level 6 in Summonings
  7937 | D:5      | Reached skill level 7 in Stealth
  8621 | D:6      | Reached skill level 8 in Stealth
  8721 | D:6      | Found a bloodstained altar of Trog.
  8955 | D:7      | Noticed Prince Ribbit
  8966 | D:7      | Reached *** piety under Okawaru
  8967 | D:7      | Slain by Prince Ribbit

Skill      XL: |  1  2  3  4  5  6  7  8 |
---------------+-------------------------+-----
Stealth        | 3 4 5 6 8 |  8.2
Fighting       | 1 |  1.8
Spellcasting   | 3 4 |  4.0
Air Magic      | 1 2 3 4 |  4.5
Summonings     | 5 6 |  6.7
Dodging        | |  2.4

Action                   |  1- 3 |  4- 6 |  7- 9 || total
-------------------------+-------+-------+-------++-------
Melee: Unarmed           |    35 |       |       ||    35
       Whip              |    87 |    25 |       ||   112
       Dagger            |       |   126 |       ||   126
       Falchion          |       |    30 |   139 ||   169
 Cast: Summon Small Mamm |    23 |    12 |       ||    35
       Call Canine Famil |     7 |    23 |    18 ||    48
       Summon Lightning  |       |     5 |    16 ||    21
  Use: Scroll            |       |       |    13 ||    13
 Stab: Distracted        |     2 |       |     1 ||     3
       Sleeping          |     1 |     4 |     6 ||    11
  Eat: Chunk             |    13 |    14 |    18 ||    45
Armor: Robe              |    24 |    30 |    17 ||    71
Dodge: Dodged            |   114 |   162 |   108 ||   384
Block: Other             |       |       |     5 ||     5
       Reflection        |       |       |     1 ||     1
       Rpst.: Falchion   |       |     7 |    28 ||    35
